 Dungeon Crawl Stone Soup version 0.28.0-43-g3370ac3207 (webtiles) character file.

Game seed: 17505237124639229491

11711 cbfl8 the Basher (level 11, -4/86 HPs)
             Began as a Vampire Abyssal Knight on Mar 15, 2022.
             Was a High Priest of Lugonu.
             Killed from afar by an electric eel (9 damage)
             ... with a bolt of electricity
             ... on level 10 of the Dungeon.
             The game lasted 00:31:24 (14112 turns).

cbfl8 the Basher (Vampire Abyssal Knight)          Turns: 14112, Time: 00:31:25

Health: -4/86      AC: 20    Str: 16      XL:     11   Next: 52%
Magic:  13/13      EV:  7    Int: 12 (13) God:    Lugonu [*****.]
Gold:   353        SH:  0    Dex: 14 (15) Spells: 10/10 levels left

rFire   . . .      SeeInvis +   o - +6 shillelagh "Devastator" {shatter}
rCold   . . .      Faith    .   f - orb {light}
rNeg    . . .      Spirit   .   x - +1 plate armour
rPois   .          Reflect  .   (no helmet)
rElec   .          Harm     .   J - scarf {repulsion}
rCorr   .          Rampage  .   (no gloves)
Will    +....                   k - +0 pair of boots
Stlth   ..........              g - amulet of regeneration
HPRegen 1.24/turn               v - +4 ring of protection
MPRegen 0.13/turn               (no ring)

@: healing quickly, glowing, repel missiles
A: alive, fangs 3, see invisible, vampiric 2
a: Exsanguinate, Renounce Religion, Depart the Abyss, Bend Space, Banish,
Corrupt, Enter the Abyss


You were on level 10 of the Dungeon.
You worshipped Lugonu.
Lugonu was extremely pleased with you.
You visited 1 branch of the dungeon, and saw 10 of its levels.
You visited the Abyss 1 time.

You collected 637 gold pieces.
You spent 284 gold pieces at shops.

Inventory:

Hand Weapons
 o - the +6 shillelagh "Devastator" (weapon) {shatter}
   (You found it on level 4 of the Dungeon)

   It releases a powerful concussive burst when it strikes, dealing extra damage
   to the target and all other foes adjacent to them.
 s - a +3 quarterstaff of chaos
 w - a +1 war axe
 z - a +1 falchion
Armour
 a - a +1 cloak
 b - a +0 leather armour
 f - an orb of light (worn)
 h - a +0 scale mail
 k - a +0 pair of boots (worn)
 t - a +0 cloak
 x - a +1 plate armour (worn)
 J - a scarf of repulsion (worn)
Jewellery
 g - an amulet of regeneration (around neck)
 v - a +4 ring of protection (left hand)
 B - a ring of wizardry
Wands
 y - a wand of iceblast (5)
 F - a wand of flame (16)
 G - a wand of paralysis (6)
 H - a wand of polymorph (11)
Scrolls
 e - 2 scrolls of immolation
 i - a scroll of brand weapon
 m - 3 scrolls of teleportation
 n - a scroll of noise
 p - 2 scrolls of blinking
 C - a scroll of enchant weapon
 E - a scroll of enchant armour
 K - 2 scrolls of identify
 L - a scroll of magic mapping
Potions
 c - 4 potions of degeneration {unknown}
 d - 2 potions of heal wounds
 j - 6 potions of curing
 l - 3 potions of might {unknown}
 q - 3 potions of lignification {unknown}
 A - 5 potions of flight
 D - a potion of mutation {unknown}
 I - 3 potions of cancellation {unknown}
 M - a potion of magic {unknown}
Miscellaneous
 r - a lightning rod (4/4)
 u - a piece from Xom's chessboard (15/15)


   Skills:
 + Level 7.9 Fighting
 + Level 4.9 Long Blades
 + Level 9.0 Maces & Flails
 + Level 8.8 Armour
 + Level 4.5 Dodging
 + Level 4.2 Stealth
 + Level 1.0 Unarmed Combat
 * Level 3.2 Invocations


You had 10 spell levels left.
You didn't know any spells.
Your spell library contained the following spells:

 Spells                   Type           Power      Damage    Failure   Level
 Passwall                 Tmut/Erth      0%         N/A       100%        2
 Conjure Flame            Conj/Fire      0%         6-21      100%        3
 Ignite Poison            Fire/Tmut/Pois 0%         N/A       100%        3
 Ozocubu's Armour         Ice            0%         N/A       100%        3
 Sticky Flame             Conj/Fire      0%         2d3       100%        4
 Metabolic Englaciation   Hex/Ice        0%         N/A       100%        5
 Eringya's Noxious Bog    Tmut/Pois      0%         N/A       100%        6
 Simulacrum               Ice/Necr       0%         N/A       100%        6


Dungeon Overview and Level Annotations

Branches:
Dungeon (10/15)            Temple (0/1) D:7            Lair (0/6) D:8
    Orc (0/2) D:9

Altars:
Cheibriados
Gozag
Kikubaaqudgha
Nemelex Xobeh
Okawaru
Qazlal
Xom
Zin
The Shining One

Shops:
D:1 *   D:6 *(*!?   D:10 *

Annotations:
D:5 3 runed translucent doors, Soldner's ghost, novice GnWn
D:8 corrupted


Innate Abilities, Weirdness & Mutations

Your natural rate of healing is accelerated.
You have razor-sharp teeth.
You have supernaturally acute eyesight. (SInv)
You are afflicted with vampirism and can become a bat while bloodless.


Message History

I - 3 puce potions (gained 1)
The electric eel shoots out a bolt of lightning at you!
The bolt of electricity misses the electric eel.
The bolt of electricity hits the plant!
The plant begins to die.
The bolt of electricity hits the plant!
The plant begins to die.
The bolt of electricity hits you!
The electric eel shoots out a bolt of lightning at you!
The bolt of electricity hits the plant! x2; The bolt of electricity hits you.
The bolt of electricity hits you!
The electric eel shoots out a bolt of lightning at you!
The bolt of electricity hits the electric eel.
The electric eel completely resists.
The bolt of electricity hits the plant.
The plant begins to die.
The bolt of electricity hits the plant.
The plant begins to die.
The bolt of electricity hits you!
The electric eel shoots out a bolt of lightning at you!
The bolt of electricity hits the plant!
The bolt of electricity hits you.
The electric eel shoots out a bolt of lightning at you!
The bolt of electricity hits the electric eel.
The electric eel completely resists.
The bolt of electricity hits the plant!
The bolt of electricity hits you!
You enter the shallow water.
Moving in this stuff is going to be slow.
The electric eel shoots out a bolt of lightning at you!
The bolt of electricity hits the plant!
The bolt of electricity hits you.
A nearby plant withers and dies. x2
The electric eel shoots out a bolt of lightning at you!
The bolt of electricity hits the plant!
The bolt of electricity hits you.
The electric eel shoots out a bolt of lightning at you!
The bolt of electricity hits the plant!
The bolt of electricity hits you. The bolt of electricity hits you!
* * * LOW HITPOINT WARNING * * *
A nearby plant withers and dies. x2
The electric eel shoots out a bolt of lightning at you!
The bolt of electricity hits you!
* * * LOW HITPOINT WARNING * * *
The bolt of electricity hits you.
* * * LOW HITPOINT WARNING * * *
The electric eel shoots out a bolt of lightning at you!
The bolt of electricity hits you!
You die...

#.........PPP≈≈≈..$.#≈≈♣≈##
#.........#PP♣≈≈....#≈≈≈≈.#
#...†.....#P≈≈≈≈≈....≈≈≈P.#
###.........#.PPS≈≈..≈≈≈≈≈..#
#........####.P≈♣≈P≈P≈≈♣≈P..#
#........#..+..≈S♣PPPP≈♣♣≈P.#
#........#.##..≈≈≈♣♣P♣♣♣≈...#
#........#.##....≈≈≈♣≈≈≈≈≈..#
#####...........@...≈.≈♣♣♣♣P≈.(.#
....)).........######P≈≈≈≈≈≈....#
.####..........# PP≈≈≈P.P.#.# .#
#..........##### PPP≈PPP#.#.#
.####.######.......# #P.≈P.##.#..
.#<.......♣♣♣♣♣###.## #######.###
.####.###♣♣♣♣♣♣♣♣#..# #...... .#
#...P♣≈≈♣≈≈≈≈≈#.## #...... .#
#..♣♣≈≈≈≈≈≈≈P≈♣..# #......


You could see 2 electric eels.

Vanquished Creatures
  Erica (D:8)
  3 death yaks (D:8)
  A two-headed ogre (D:10)
  Pikel (D:6)
  2 centaur zombies (D:10)
  Maggie (D:8)
  An unseen horror (D:10)
  A hornet (D:10)
  Grinder (D:6)
  A wyvern (D:10)
  A shadow (D:10)
  A basilisk (D:7)
  3 yaks (D:8)
  A wraith (D:10)
  Eustachio (D:6)
  Grum (D:8)
  A steam dragon (D:8)
  2 vampire mosquitoes (D:9)
  Menkaure (D:4)
  An acid dragon (D:9)
  3 water moccasins
  2 black bears (D:6)
  9 orc warriors
  2 ice beasts
  2 ogres
  4 wolves
  A necrophage (D:4)
  4 centaurs
  2 lemures (D:6)
  2 kobold brigands
  Blork the orc (D:6)
  A bullfrog (D:7)
  3 scorpions
  A water moccasin zombie (D:10)
  A wyvern skeleton (D:6)
  8 killer bees
  5 wights (D:5)
  4 electric eels
  A jelly (D:7)
  10 orc priests
  Crazy Yiuf (D:4)
  4 hounds
  A bullfrog skeleton (D:6)
  2 centaur skeletons (D:6)
  3 iguanas
  2 hell rats (D:8)
  Natasha (thrice) (D:3)
  17 orc wizards
  A killer bee zombie (D:8)
  A hound skeleton (D:4)
  A mummy (D:8)
  3 howler monkey zombies
  9 adders
  A river rat (D:8)
  A white imp (D:6)
  An ufetubus (D:6)
  An adder skeleton (D:4)
  A worm (D:3)
  2 dart slugs
  40 orcs
  4 ball pythons
  5 bats
  5 endoplasms
  2 giant cockroaches
  10 goblins
  8 hobgoblins
  7 jackals (D:2)
  6 quokkas
  A frilled lizard (D:2)
  18 kobolds
  5 rats
258 creatures vanquished.

Vanquished Creatures (others)
  Maurice (D:8)
  A human (D:9)
  31 plants (D:10)
  4 starspawn tentacles (D:8)
37 creatures vanquished.

Grand Total: 295 creatures vanquished

Notes
Turn   | Place    | Note
-------+----------+-------------------------------------------
     0 | Abyss:1  | cbfl8 the Vampire Abyssal Knight began the quest for the
                  | Orb.
     0 | Abyss:1  | Reached XP level 1. HP: 17/17 MP: 2/2
     5 | Abyss:1  | Found a corrupted altar of Lugonu.
    48 | Abyss:1  | Noticed a crimson imp
    54 | Abyss:1  | Noticed a large abomination
    56 | D:1      | Escaped the Abyss
   271 | D:1      | Found Urovvimne's General Store.
   299 | D:1      | Reached XP level 2. HP: 16/24 MP: 3/3
   622 | D:1      | Reached * piety under Lugonu
   630 | D:1      | Found a faded altar of an unknown god.
   834 | D:1      | Reached skill level 1 in Armour
  1213 | D:2      | Gained mutation: You are afflicted with vampirism and can
                  | become a bat while bloodless. [Vampire growth]
  1213 | D:2      | Reached XP level 3. HP: 12/29 MP: 4/4
  1890 | D:2      | Reached XP level 4. HP: 26/35 MP: 5/5
  2086 | D:2      | Reached ** piety under Lugonu
  2387 | D:3      | Noticed Natasha
  2398 | D:3      | Killed Natasha
  2553 | D:3      | Noticed Natasha
  2559 | D:3      | Killed Natasha
  2560 | D:3      | Reached XP level 5. HP: 34/41 MP: 6/6
  2596 | D:3      | Noticed Natasha
  2609 | D:3      | Killed Natasha
  2610 | D:3      | Reached skill level 1 in Stealth
  4321 | D:4      | Noticed Menkaure
  4395 | D:4      | Found the +6 shillelagh "Devastator" {shatter}
  4403 | D:4      | Found a runed translucent door.
  4405 | D:4      | Noticed Crazy Yiuf
  4475 | D:4      | Reached XP level 6. HP: 28/42 MP: 7/7
  4774 | D:4      | Found a shimmering altar of Xom.
  5111 | D:4      | Killed Menkaure
  5112 | D:4      | Reached skill level 1 in Maces & Flails
  5112 | D:4      | Reached XP level 7. HP: 47/47 MP: 8/8
  5348 | D:4      | Found a sparkling altar of Nemelex Xobeh.
  5358 | D:4      | Found a stormy altar of Qazlal.
  5608 | D:4      | Reached *** piety under Lugonu
  5612 | D:4      | Reached skill level 2 in Maces & Flails
  5755 | D:4      | Killed Crazy Yiuf
  5818 | D:5      | Entered Level 5 of the Dungeon
  5834 | D:5      | Found a runed translucent gate.
  5834 | D:5      | Found a runed translucent gate.
  5834 | D:5      | Found a runed translucent gate.
  5835 | D:5      | Noticed Soldner's ghost (novice GnWn)
  5846 | D:5      | Reached XP level 8. HP: 60/60 MP: 9/9
  5986 | D:5      | Reached skill level 3 in Maces & Flails
  5999 | D:5      | Reached skill level 5 in Armour
  6163 | D:5      | Reached skill level 5 in Fighting
  6802 | D:6      | Noticed Grinder
  6802 | D:6      | Found Bopak's General Store.
  6807 | D:6      | Paralysed by Grinder for 5 turns
  6815 | D:6      | Killed Grinder
  6818 | D:6      | Bought a potion of flight for 30 gold pieces
  6842 | D:6      | Found Ijitsaf's Weapon Boutique.
  6870 | D:6      | Noticed Pikel
  6876 | D:6      | Killed Pikel
  6877 | D:6      | Reached skill level 4 in Maces & Flails
  6877 | D:6      | Reached XP level 9. HP: 57/68 MP: 10/10
  6926 | D:6      | Found an iron altar of Okawaru.
  7067 | D:6      | Found Inarph Elonu's Magic Scroll Emporium.
  7075 | D:6      | Bought a scroll of enchant armour for 97 gold pieces
  7075 | D:6      | Bought a scroll of blinking for 97 gold pieces
  7119 | D:6      | Found Sinihun's Distillery.
  7122 | D:6      | Bought a potion of heal wounds for 60 gold pieces
  7165 | D:6      | Noticed Eustachio
  7183 | D:6      | Killed Eustachio
  7184 | D:6      | Reached skill level 5 in Maces & Flails
  7256 | D:6      | Found Utuguc's General Store.
  7493 | D:6      | Noticed Blork the orc
  7500 | D:6      | Killed Blork the orc
  8594 | D:7      | Reached skill level 6 in Maces & Flails
  8653 | D:7      | Reached **** piety under Lugonu
  8915 | D:7      | Found a staircase to the Ecumenical Temple.
  9109 | D:8      | Noticed a death yak
  9301 | D:8      | Noticed a death yak
  9310 | D:8      | Noticed a death yak
  9329 | D:8      | Killed a death yak
  9330 | D:8      | Reached XP level 10. HP: 33/77 MP: 11/11
  9336 | D:8      | Killed a death yak
  9337 | D:8      | Reached skill level 7 in Maces & Flails
  9349 | D:8      | Killed a death yak
  9403 | D:8      | Found a staircase to the Lair.
  9444 | D:8      | Reached skill level 1 in Unarmed Combat
  9636 | D:8      | Noticed Grum
  9641 | D:8      | Killed Grum
  9682 | D:8      | Reached skill level 8 in Maces & Flails
  9683 | D:8      | Noticed Maggie
  9692 | D:8      | Noticed Maurice
  9698 | D:8      | Killed Maggie
  9719 | D:8      | Corrupted D:8
  9720 | D:8      | Noticed a tentacled starspawn
  9723 | D:8      | Noticed a tentacled starspawn
  9727 | D:8      | Killed Maurice
  9944 | D:8      | Noticed Erica
  9960 | D:8      | Killed Erica
  9961 | D:8      | Reached XP level 11. HP: 41/84 MP: 12/12
 10529 | D:9      | Found an ancient bone altar of Kikubaaqudgha.
 11547 | D:9      | Got Farrad's Almanac of Moulding
 11702 | D:9      | Found a staircase to the Orcish Mines.
 11765 | D:10     | Entered Level 10 of the Dungeon
 11765 | D:10     | Found an opulent altar of Gozag.
 11767 | D:10     | Found Gozag's Platinum Reserve.
 11830 | D:10     | Found a snail-covered altar of Cheibriados.
 11863 | D:10     | Reached ***** piety under Lugonu
 11882 | D:10     | Paralysed by a hornet for 3 turns
 11899 | D:10     | Noticed a two-headed ogre
 11911 | D:10     | Killed a two-headed ogre
 12326 | D:10     | Reached skill level 9 in Maces & Flails
 14111 | D:10     | HP: 4/86 [electric eel/bolt of electricity (4)]
 14112 | D:10     | Killed from afar by an electric eel

Illustrated notes

Levels and vault maps discovered:
D:1:      minmay_arrival_open_corners, layout_basic, serial_shops,
          nicolae_shop_temple_entry_statues_fountains,
          shapermc_ecumenical_altar_mp_vishouse
D:2:      layout_loops_corners, basic_altar
D:3:      layout_loops_cross, zin_academy, uniq_natasha
D:4:      minmay_clustersquares, layout_cave_pools, lemuel_crystal_altar,
          amethyst_overflow_temple_binary, serial_co_window_serial,
          co_window_paths_a, co_window_corner_a, co_window_corner_a,
          co_window_corner_a, co_window_paths_b, co_window_paths_a,
          co_window_paths_a, co_window_cross_3, co_window_broadway_a,
          co_window_of_opportunity_b, co_window_4corner_a, uniq_menkaure,
          uniq_crazy_yiuf_cottage
D:5:      nicolae_cairo_tiling_large_dashed, layout_loops_corners,
          ebering_ghost_rock_garden, minmay_misc_feat_encased,
          hellmonk_bongcloud_opening
D:6:      layout_loops_ring, kennysheep_okawaru_gauntlet, serial_shops,
          nicolae_lakefront_shop, nicolae_shop_bloodbath_and_beyond,
          nicolae_shop_behind_doors, nicolae_stop_n_shop_1, shop,
          grunt_decor_mini_mirrors, minmay_misc_feat_more_columns,
          uniq_eustachio, uniq_blork_the_orc, uniq_pikel, uniq_grinder
D:7:      layout_loops_corners, minmay_temple_entry_enclosed_plants
D:8:      layout_basic, dpeg_lair_monsters, gup_ossuary_entry_pyramid,
          uniq_grum, uniq_maurice, uniq_erica, uniq_maggie
D:9:      layout_roguey, tgw_kikubaaqudgha, david_orc_4, hive_lemuel
D:10:     layout_basic, nicolae_gozag_zags_fifth_avenue, cheibriados_altar_1,
          serial_bayou, serial_bayou_crossing, serial_bayou_lake_a,
          serial_bayou_ford_a, serial_bayou_lagoon_a,
          minmay_fractal_squares_gapless_5

Skill      XL: |  1  2  3  4  5  6  7  8  9 10 11 |
---------------+----------------------------------+-----
Fighting       | 3 4 5 6 7 |  7.9
Armour         | 1 2 3 4 5 6 8 |  8.8
Long Blades    | 3 4 |  4.9
Dodging        | 3 4 |  4.5
Stealth        | 1 2 3 4 |  4.2
Maces & Flails | 1 2 4 6 8 9 |  9.0
Unarmed Combat | 1 |  1.0
Invocations    | 3 |  3.2

Action                   |  1- 3 |  4- 6 |  7- 9 | 10-12 || total
-------------------------+-------+-------+-------+-------++-------
Melee: Falchion          |   139 |    89 |       |       ||   228
       Bite              |     9 |    10 |    21 |    35 ||    75
       Shillelagh        |       |    27 |   135 |   211 ||   373
       Unarmed           |       |       |     6 |       ||     6
Invok: Depart the Abyss  |     1 |       |       |       ||     1
       Corrupt           |       |       |       |     1 ||     1
       Bend Space        |       |       |       |     1 ||     1
 Abil: Bat Form          |       |     1 |     1 |     1 ||     3
       Exsanguinate      |       |     1 |     1 |     1 ||     3
       Revivify          |       |     1 |     1 |     1 ||     3
       End Transformatio |       |       |       |     1 ||     1
  Use: Scroll            |       |       |     7 |     5 ||    12
       Potion            |       |       |       |     5 ||     5
 Stab: Sleeping          |     1 |       |       |       ||     1
Armor: Leather armour    |    49 |     9 |       |       ||    58
       Scale mail        |       |    41 |    20 |       ||    61
       Plate armour      |       |       |    96 |   212 ||   308
Dodge: Dodged            |   103 |    66 |    67 |   109 ||   345
       Repelled          |       |       |       |     1 ||     1
